 Dungeon Crawl Stone Soup version 0.28-a0-1199-gef9e1dbd39 (webtiles) character file.

Game seed: 1872603683049208102

75 ytrimaz the Insei (level 4, 0/28 HPs)
             Began as an Octopode Transmuter on Dec 19, 2021.
             Slain by Terence (1 damage)
             ... on level 2 of the Dungeon.
             The game lasted 00:02:29 (2274 turns).

ytrimaz the Insei (Octopode Transmuter)             Turns: 2274, Time: 00:02:29

Health: 0/28       AC:  2    Str:  9    XL:     4   Next: 31%
Magic:  6/8        EV: 19    Int: 17    God:
Gold:   93         SH:  0    Dex: 17    Spells: 2/8 levels left

rFire   . . .      SeeInvis .     - Unarmed
rCold   . . .      Faith    .   (shield currently unavailable)
rNeg    . . .      Spirit   .   (helmet currently unavailable)
rPois   x          Reflect  .   (no amulet)
rElec   .          Harm     .   (no ring)
rCorr   .          Rampage  .   (no ring)
Will    .....                   (no ring)
Stlth   ++........              (no ring)
HPRegen 0.09/turn               (no ring)
MPRegen 0.11/turn               (no ring)
                                (no ring)
                                (no ring)

@: brilliant, spider-form (expiring)
A: venomous fangs, almost no armour, (amphibious), 8 rings, tiny, (camouflage
1), (gelatinous body 1), (nimble swimmer 1), (tentacles)
a: End Transformation


You were on level 2 of the Dungeon.
You were a venomous arachnid creature.
You visited 1 branch of the dungeon, and saw 2 of its levels.

You collected 93 gold pieces.

Inventory:

Scrolls
 f - a scroll of fear {unknown}
Potions
 b - a potion of lignification {unknown}
 c - a potion of flight {unknown}
 d - a potion of might {unknown}
 e - a potion of mutation {unknown}


   Skills:
 * Level 1.4 Fighting
 - Level 2.1 Dodging
 + Level 3.6 Unarmed Combat
 * Level 2.8 Spellcasting
 * Level 2.4 Transmutations
 * Level 1.1 Poison Magic


You had 2 spell levels left.
You knew the following spells:

 Your Spells              Type           Power      Damage    Failure   Level
a - Beastly Appendage     Tmut           32%        N/A       17%         1
b - Wereblood             Tmut           16%        N/A       24%         2
c - Spider Form           Tmut/Pois      12%        N/A       47%         3

Your spell library contained the following spells:

 Spells                   Type           Power      Damage    Failure   Level
 Ozocubu's Armour         Ice            3%         N/A       69%         3
 Ice Form                 Ice/Tmut       9%         N/A       87%         4
 Metabolic Englaciation   Hex/Ice        1%         N/A       100%        5
 Simulacrum               Ice/Necr       1%         N/A       100%        6


Dungeon Overview and Level Annotations

Branches:
Dungeon (2/15)

Altars:
Zin

Annotations:
D:2 Terence


Innate Abilities, Weirdness & Mutations

You are a venomous arachnid creature.
You have poisonous fangs.
You are tiny and dextrous.
Your spellcasting is less reliable in this form.
Your armour is entirely melded.
You are incapable of wielding weapons or throwing items.
You cannot wear most types of armour.
((You are amphibious.))
You can wear up to eight rings at the same time.
((Your skin changes colour to match your surroundings (Stealth+).))
((Your rubbery body absorbs attacks. (AC +1, EV +1)))
((You are camouflaged near water. (Stealth+)))
((You have tentacles for arms and can constrict up to eight enemies at once.))


Message History

One of your tentacles grows a vicious spike.
Your transformation is almost over.
Your tentacle spike disappears.
f - a scroll labelled HOHYZA PUEX Terence the Incautious comes into view.
He is wielding a +2 mace of holy wrath.
Terence is nearby!
Terence is nearby!
Casting: Beastly Appendage (safe; 6% risk of failure)
Confirm with . or Enter, or press ? or * to list all spells.
The spell is quite dangerous to miscast (26% risk of failure)!
Continue anyway?
You turn into a venomous arachnid creature.
Terence shouts!
Unknown command.
Terence hits you with a +2 mace of holy wrath!
You hit Terence but do no damage.
Terence hits you with a +2 mace of holy wrath.
A rat comes into view.
You hit Terence but do no damage.
Terence hits you with a +2 mace of holy wrath.
* * * LOW HITPOINT WARNING * * *
Unknown command.
You hit Terence.
Terence is poisoned.
Terence is lightly wounded.
Terence closely misses you.
Unknown command.
You hit Terence.
Terence is lightly wounded.
Terence hits you with a +2 mace of holy wrath.
* * * LOW HITPOINT WARNING * * *
Unknown command.
Your transformation is almost over.
You hit Terence.
Terence is heavily wounded.
Terence hits you with a +2 mace of holy wrath.
* * * LOW HITPOINT WARNING * * *
Unknown command.
It was a potion of brilliance.
You feel clever all of a sudden.
Terence hits you with a +2 mace of holy wrath.
You die...

#.# #### #.# # ..# ..>
.# #.# #.#####.#
#s########.#......
#@##.......#.....#
###r##.......#..#..#
#...........†....#..
###.#.##......)...###.
#.....##......##...#.#
#.#.####.#######......
#.#.# #.# ##.####
..... ..# #.####


You could see Terence (poisoned) and a rat.

Vanquished Creatures
  An adder (D:2)
  A worm (D:2)
  A dart slug (D:1)
  8 ball pythons
  7 bats
  3 endoplasms
  4 giant cockroaches
  6 goblins
  6 hobgoblins
  3 jackals (D:1)
  3 frilled lizards
  8 kobolds
  4 rats (D:1)
55 creatures vanquished.

Notes
Turn   | Place    | Note
-------+----------+-------------------------------------------
     0 | D:1      | ytrimaz the Octopode Transmuter began the quest for the
                  | Orb.
     0 | D:1      | Reached XP level 1. HP: 13/13 MP: 3/3
   233 | D:1      | Reached XP level 2. HP: 12/18 MP: 3/5
   349 | D:1      | Learned a level 2 spell: Wereblood
   910 | D:1      | Reached XP level 3. HP: 22/23 MP: 4/6
   918 | D:1      | Learned a level 3 spell: Spider Form
  1649 | D:2      | Found a glowing silver altar of Zin.
  1784 | D:2      | Reached skill level 1 in Poison Magic
  1784 | D:2      | Reached XP level 4. HP: 14/28 MP: 5/7
  2260 | D:2      | Noticed Terence
  2270 | D:2      | HP: 1/28 [Terence (5)]
  2274 | D:2      | Slain by Terence

Illustrated notes

Levels and vault maps discovered:
D:1:      dpeg_arrival_subterranean_lakeside_camping, layout_basic
D:2:      layout_loops_cross, basic_altar, chequers_ecumenical_altar_island,
          uniq_terence

Skill      XL: |  1  2  3 |
---------------+----------+-----
Poison Magic   | 1 |  1.1
Fighting       | |  1.4
Dodging        | |  2.1
Unarmed Combat | |  3.6
Spellcasting   | |  2.8
Transmutations | |  2.4

Action                   |  1- 3 |  4- 6 || total
-------------------------+-------+-------++-------
Melee: Unarmed           |   104 |    22 ||   126
       Constrict         |    28 |       ||    28
       Kick              |    18 |       ||    18
       Tentacles         |    10 |       ||    10
       Punch             |     1 |       ||     1
 Cast: Beastly Appendage |    24 |     3 ||    27
       Wereblood         |     1 |       ||     1
       Spider Form       |       |     2 ||     2
  Use: Scroll            |     1 |       ||     1
       Potion            |       |     1 ||     1
 Stab: Sleeping          |     6 |     1 ||     7
Armor: Skin              |    12 |     2 ||    14
Dodge: Dodged            |    79 |    19 ||    98

Table legend: (Time is in decaauts)
 A = Elapsed time spent in this place.
 B = Non-inter-level travel time spent in this place.
 C = Inter-level travel time spent in this place.
 D = Time resting spent in this place.
 E = Time spent auto-exploring this place.
 F = Levels seen in this place.
 G = Mean time per level.
                   A        B        C        D        E       F      G
               +--------+--------+--------+--------+--------+-----+--------+
         Total |   2265 |   2233 |     32 |    175 |   1672 |   2 | 1132.5 |
       Dungeon |   2265 |   2233 |     32 |    175 |   1672 |   2 | 1132.5 |
               +--------+--------+--------+--------+--------+-----+--------+

Top non-repeatable levels by time:
     D:1: 1625 daAuts
     D:2: 640 daAuts
